AoeStats
← VakorTV

Arena

505710177Analyzed
4v4 RM · 21d ago on Sep 10, 2026· 56m 50s· 8 players
Game mode
Random Map
Map size
Large (8 player)
Population
200
Speed
Normal
Resources
Standard
Victory
Conquest
Starting age
Dark Age
Ending age
Imperial Age
RankedLock teamsTeams togetherTeam positionsShared explorationLock speedFull tech treeHidden civsTurbo modeCheats
Victory
Defeat
🇹🇷 Malay · Türkiye
1209
+11
🇹🇷 Mongols · Türkiye
1167
+13
🇫🇷 Portuguese · France
1163
+13
🇹🇷 Bohemians · Türkiye
1074
+17
🇩🇪 Wei · Germany
1167
-16
🇮🇳 Burgundians · India
1097
-13
🇨🇳 Vikings · China
1083
-13
🇨🇦 Goths · Canada
1051
-12
Darth Joker2673
8:50 Feudal Age
9:19 Double-Bit Axe
9:21 Horse Collar
10:47 Loom
14:28 Gold Mining
16:48 Castle Age
14:53 Stone Mining
16:07 Fletching
17:56 Bow Saw
17:48 Heavy Plow
19:37 Wheelbarrow
20:00 Fervor
20:42 Gold Shaft Mining
22:00 Sanctity
23:24 Stone Shaft Mining
25:26 Hand Cart
25:51 Loom
28:01 Scale Barding Armor
29:04 Bodkin Arrow
29:44 Padded Archer Armor
30:05 Chain Barding Armor
30:00 Fortified Wall
31:07 Ballistics
34:06 Imperial Age
32:40 Leather Archer Armor
32:35 Forging
32:35 Thumb Ring
32:29 Murder Holes
33:16 Coinage
32:57 Treadmill Crane
33:27 Masonry
35:00 Iron Casting
35:05 Bracer
36:15 Ming Guang Armor
36:27 Parthian Tactics
37:08 Chemistry
35:43 Elite Tiger Cavalry
36:46 Conscription
36:27 Tuntian
36:59 Town Watch
38:14 Crop Rotation
39:32 Ring Archer Armor
40:32 Hoardings
40:30 Devotion
42:06 Banking
42:27 Town Patrol
46:47 Caravan
gob b
7:24 Double-Bit Axe
7:20 Horse Collar
12:21 Feudal Age
11:49 Gold Mining
16:20 Castle Age
14:54 Bow Saw
15:10 Heavy Plow
15:01 Gold Mining
17:03 Forging
17:57 Wheelbarrow
19:00 Iron Casting
21:59 Scale Barding Armor
23:55 Gold Shaft Mining
26:17 Chain Barding Armor
29:05 Imperial Age
26:29 Loom
27:01 Hand Cart
27:21 Stone Mining
28:42 Two-Man Saw
29:08 Crop Rotation
29:46 Husbandry
29:18 Cavalier
31:01 Blast Furnace
30:37 Plate Barding Armor
31:17 Paladin
32:39 Fletching
33:32 Burgundian Vineyards
33:51 Conscription
37:51 Bodkin Arrow
43:06 Light Cavalry
47:17 Town Watch
48:20 Bracer
48:21 Scale Mail Armor
48:21 Padded Archer Armor
49:26 Hussar
51:46 Chain Mail Armor
DerSchweizer
11:06 Feudal Age
12:25 Double-Bit Axe
12:55 Horse Collar
15:20 Castle Age
16:32 Bow Saw
18:55 Heavy Plow
22:27 Scale Mail Armor
24:00 Wheelbarrow
23:57 Chain Mail Armor
24:52 Squires
24:23 Man-at-Arms
25:00 Long Swordsman
28:49 Fletching
30:01 Forging
30:51 Hand Cart
31:55 Iron Casting
35:36 Imperial Age
37:29 Blast Furnace
35:53 Two-Handed Swordsman
36:10 Pikeman
36:40 Champion
38:28 Bodkin Arrow
54:41 Halberdier
lotus
11:25 Feudal Age
11:58 Double-Bit Axe
11:54 Horse Collar
17:33 Castle Age
20:58 Bow Saw
26:46 Chieftains
29:32 Imperial Age
27:30 Forging
27:21 Scale Mail Armor
27:55 Chieftains
27:59 Heavy Plow
28:05 Gold Mining
27:40 Man-at-Arms
28:06 Gambesons
28:56 Long Swordsman
30:00 Elite Berserk
31:01 Conscription
30:54 Capped Ram
32:36 Iron Casting
32:16 Chain Mail Armor
32:08 Scale Barding Armor
31:55 Fletching
32:34 Loom
32:35 Town Watch
32:28 Two-Handed Swordsman
32:58 Champion
33:46 Siege Ram
34:40 Town Patrol
37:58 Elite Skirmisher
39:42 Chemistry
39:45 Blast Furnace
39:16 Plate Mail Armor
38:42 Bodkin Arrow
39:08 Chain Barding Armor
38:48 Padded Archer Armor
41:26 Onager
43:23 Bracer
43:39 Leather Archer Armor
43:47 Ballistics
43:38 Masonry
45:33 Squires
45:18 Arson
44:55 Pikeman
51:45 Architecture
52:04 Heavy Scorpion
54:29 Crossbowman
55:19 Arbalester
VakorTV
10:35 Feudal Age
14:24 Castle Age
12:39 Double-Bit Axe
12:53 Horse Collar
13:07 Loom
15:18 Wheelbarrow
16:09 Bow Saw
22:22 Gold Mining
22:57 Stone Mining
23:25 Hand Cart
26:27 Stone Shaft Mining
29:44 Imperial Age
27:10 Treadmill Crane
28:28 Masonry
28:48 Ballistics
29:45 Town Watch
30:25 Arquebus
29:46 Elite Organ Gun
30:47 Conscription
31:26 Architecture
31:57 Chemistry
31:04 Siege Engineers
30:42 Pikeman
31:09 Arson
32:19 Fletching
33:08 Bodkin Arrow
35:09 Bracer
35:10 Scale Mail Armor
35:48 Fortified Wall
37:38 Chain Mail Armor
37:25 Halberdier
38:38 Plate Mail Armor
38:19 Forging
41:52 Iron Casting
44:01 Blast Furnace
52:55 Two-Man Saw
51:59 Heavy Plow
55:16 Crop Rotation
56:42 Padded Archer Armor
56:48 Scale Barding Armor
Torontist | The Hood
0:26 Loom
10:30 Feudal Age
10:57 Double-Bit Axe
17:06 Castle Age
18:11 Bow Saw
19:13 Horse Collar
25:43 Wheelbarrow
26:01 Heavy Plow
30:12 Imperial Age
28:36 Hand Cart
29:51 Chemistry
29:08 Town Watch
30:28 Town Patrol
30:29 Padded Archer Armor
32:06 Two-Man Saw
31:44 Leather Archer Armor
31:51 Conscription
31:39 Pikeman
32:20 Scale Mail Armor
32:43 Caravan
32:37 Elite Skirmisher
33:45 Heavy Scorpion
34:55 Forging
35:01 Chain Mail Armor
34:58 Siege Engineers
35:03 Masonry
36:19 Bombard Tower
36:21 Ballistics
35:40 Halberdier
38:21 Iron Casting
38:16 Plate Mail Armor
40:29 Coinage
40:09 Guilds
41:25 Blast Furnace
41:19 Houfnice
42:16 Fletching
45:38 Wagenburg Tactics
47:15 Ring Archer Armor
48:18 Banking
48:40 Bombard Tower
55:42 Elite Hussite Wagon
InterfectoremTR | The Hood
0:26 Loom
9:51 Feudal Age
15:48 Castle Age
13:58 Double-Bit Axe
16:02 Horse Collar
16:43 Bow Saw
25:03 Heavy Plow
28:56 Fletching
29:07 Padded Archer Armor
29:00 Gold Mining
33:02 Imperial Age
31:24 Gold Shaft Mining
31:55 Bodkin Arrow
32:30 Ballistics
32:28 Leather Archer Armor
33:30 Elite Mangudai
34:29 Bloodlines
37:46 Chemistry
36:51 Husbandry
37:21 Conscription
42:04 Light Cavalry
44:01 Forging
43:56 Scale Barding Armor
43:52 Bracer
44:06 Forging
44:01 Scale Barding Armor
43:47 Hussar
52:51 Caravan
56:53 Iron Casting
56:38 Chain Barding Armor
BraveTR - The Hood
0:25 Loom
11:29 Feudal Age
11:34 Double-Bit Axe
16:20 Castle Age
16:54 Gold Mining
16:41 Man-at-Arms
19:09 Wheelbarrow
19:20 Stone Mining
22:29 Long Swordsman
26:21 Squires
30:59 Imperial Age
31:24 Forced Levy
31:47 Forging
31:45 Two-Handed Swordsman
37:05 Horse Collar
38:58 Heavy Plow
40:14 Pikeman
43:12 Iron Casting
42:26 Halberdier
44:11 Chemistry
45:15 Bow Saw
47:22 Crop Rotation
48:29 Blast Furnace
52:11 Arson
Connection lost

Rejoining the realm…

Still unreachable

The connection could not be restored.

Session expired

The server has moved on; the page needs a fresh start.